 Dungeon Crawl Stone Soup version 0.27-a0-1200-g94dc6ad (webtiles) character file.

Game seed: 14076578844031769433

67 Meow the Stinger (level 4, 36/36 HPs)
             Began as a Naga Venom Mage on June 1, 2021.
             Quit the game on level 2 of the Dungeon.
             The game lasted 00:04:24 (1371 turns).

Meow the Stinger (Naga Venom Mage)                  Turns: 1371, Time: 00:04:25

Health: 36/36      AC:  2    Str: 10    XL:     4   Next: 18%
Magic:  6/8        EV:  9    Int: 17    God:
Gold:   32         SH:  0    Dex: 11    Spells: 2/9 levels left

rFire    . . .     SeeInvis +   a - +0 rapier
rCold    . . .     Faith    .   (no shield)
rNeg     . . .     Spirit   .   d - +0 robe
rPois    +         Reflect  .   (no helmet)
rElec    .         Harm     .   (no cloak)
rCorr    .         Rampage  .   (no gloves)
Will     .....                  (no barding)
Stlth    ++........             (no amulet)
HPRegen  0.12/turn              (no ring)
MPRegen  0.11/turn              (no ring)

@: very slow
A: AC +1, large, see invisible, deformed body, poison resistance, slowness 2,
spit poison 1, naga tail 1
a: Spit Poison


You were on level 2 of the Dungeon.
You visited 1 branch of the dungeon, and saw 2 of its levels.

You collected 32 gold pieces.

Inventory:

Hand Weapons
 a - a +0 rapier (weapon)
 c - a +0 club
 f - a +0 hand axe
 g - a +0 war axe
Missiles
 e - 25 sling bullets
Armour
 d - a +0 robe (worn)
Scrolls
 i - a scroll of identify {unknown}
Potions
 b - a potion of invisibility {unknown}
 h - a potion of resistance {unknown}
 j - 2 potions of curing {unknown}


   Skills:
 - Level 1.5 Dodging
 - Level 3.0 Stealth
 + Level 3.1 Spellcasting
 + Level 2.4 Conjurations
 - Level 1.0 Transmutations
 - Level 4.0 Poison Magic


You had 2 spell levels left.
You knew the following spells:

 Your Spells              Type           Power      Damage    Failure   Level
a - Sting                 Tmut/Pois      44%        1d5       6%          1
c - Mephitic Cloud        Conj/Pois/Air  10%        N/A       22%         3
C - Ignite Poison         Fire/Tmut/Pois 8%         N/A       26%         3

Your spell library contained the following spells:

 Spells                   Type           Power      Damage    Failure   Level
 Poisonous Vapours        Pois/Air       18%        N/A       12%         2
 Corona                   Hex            2%         N/A       17%         1
 Ensorcelled Hibernation  Hex/Ice        4%         N/A       26%         2
 Dazzling Flash           Conj/Hex       12%        N/A       30%         3
 Olgreb's Toxic Radiance  Pois           16%        N/A       32%         4
 Confusing Touch          Hex            2%         N/A       45%         3
 Tukima's Dance           Hex            2%         N/A       45%         3


Dungeon Overview and Level Annotations

Branches:
Dungeon (2/15)

Altars:


Innate Abilities, Weirdness & Mutations

Your serpentine skin is tough. (AC +1)
You have supernaturally acute eyesight. (SInv)
Armour fits poorly on your strangely shaped body.
Your system is resistant to poisons. (rPois)
You cover ground very slowly.
You can spit poison.
You have a snake-like lower body.


Message History

You feel clever.
You start resting.
Magic restored.
You start resting.
HP restored.
A goblin comes into view. It is wielding a +0 club.
Press: ? - help, Shift-Dir - straight line, f - goblin
Aim: a goblin, wielding a +0 club and quivering stones (asleep)
The splash of poison hits the goblin!
The goblin is poisoned.
You kill the goblin!
Unknown command.
A rat comes into view.
You have got your breath back.
A rat is nearby!
Press: ? - help, Shift-Dir - straight line, f - rat
Aim: a rat The splash of poison misses the rat.
Casting: Sting (safe; 6% risk of failure)
Confirm with . or Enter, or press ? or * to list all spells.
Aiming: Sting (safe; 6% risk of failure)
Press: ? - help, Shift-Dir - straight line, f/p - rat
Aim: a rat (71% to hit)
The sting hits the rat but does no damage.
The rat is poisoned.
Unknown command.
Casting: Sting (safe; 6% risk of failure)
Confirm with . or Enter, or press ? or * to list all spells.
Aiming: Sting (safe; 6% risk of failure)
Press: ? - help, Shift-Dir - straight line, f/p - rat
Aim: a rat (poisoned, 71% to hit)
The sting hits the rat.
The rat looks even sicker.
You kill the rat!
Unknown command.
Things that are here:
a +0 club; a +0 hunting sling; 29 stones You see here a rat corpse.
A hobgoblin comes into view.
You have got your breath back.
Found 10 gold pieces.
Are you sure you want to abandon this character and quit the game? (Confirm with "yes".)

. .. ... ...g
##....$ ###.......
###############.@..#
.. ...........)†...#
.# ######....######
.#########.####
...........####
....##........#
###...........#
#####.........#
..........#####


You could see a hobgoblin (asleep).

Vanquished Creatures
  2 adders (D:2)
  2 worms (D:2)
  2 dart slugs (D:1)
  3 ball pythons (D:1)
  6 bats
  An endoplasm (D:1)
  A giant cockroach (D:1)
  3 hobgoblins (D:1)
  7 jackals (D:1)
  A quokka (D:2)
  4 frilled lizards (D:1)
  2 goblins
  2 kobolds
  5 rats
41 creatures vanquished.

Notes
Turn   | Place    | Note
-------+----------+-------------------------------------------
     0 | D:1      | Meow the Naga Venom Mage began the quest for the Orb.
     0 | D:1      | Reached XP level 1. HP: 15/15 MP: 3/3
    31 | D:1      | Reached skill level 1 in Conjurations
    31 | D:1      | Reached XP level 2. HP: 15/22 MP: 1/5
   489 | D:1      | Found a faded altar of an unknown god.
   499 | D:1      | Reached XP level 3. HP: 28/28 MP: 6/6
   777 | D:1      | Learned a level 3 spell: Mephitic Cloud
   781 | D:1      | Learned a level 3 spell: Ignite Poison
  1261 | D:2      | Reached XP level 4. HP: 25/36 MP: 2/8
  1371 | D:2      | Quit the game

Illustrated notes

Levels and vault maps discovered:
D:1:      minmay_arrival_stone_box, layout_basic, basic_ecumenical_altar
D:2:      layout_rooms, uniq_crazy_yiuf_cottage

Skill      XL: |  1  2  3 |
---------------+----------+-----
Conjurations   | 1 2 |  2.4
Spellcasting   | 3 |  3.1
Dodging        | |  1.5
Stealth        | |  3.0
Transmutations | |  1.0
Poison Magic   | |  4.0

Action                   |  1- 3 |  4- 6 || total
-------------------------+-------+-------++-------
Melee: Rapier            |    22 |       ||    22
 Cast: Sting             |    34 |     2 ||    36
 Abil: Spit Poison       |    41 |     2 ||    43
Armor: Robe              |     4 |       ||     4
Dodge: Dodged            |    29 |       ||    29

Table legend: (Time is in decaauts)
 A = Elapsed time spent in this place.
 B = Non-inter-level travel time spent in this place.
 C = Inter-level travel time spent in this place.
 D = Time resting spent in this place.
 E = Time spent auto-exploring this place.
 F = Levels seen in this place.
 G = Mean time per level.
                   A        B        C        D        E       F      G
               +--------+--------+--------+--------+--------+-----+--------+
         Total |   1668 |   1561 |    107 |    460 |    749 |   2 |  834.0 |
       Dungeon |   1668 |   1561 |    107 |    460 |    749 |   2 |  834.0 |
               +--------+--------+--------+--------+--------+-----+--------+

Top non-repeatable levels by time:
     D:1: 1363 daAuts
     D:2: 304 daAuts
